Map: Romanticide LE

Players

PzYчьйцЦ

  • Race: Protoss Protoss
  • League: Diamond

YouGoudaLose - Winner!

  • Race: Terran Terran
  • League: Diamond

VOD

Have the link to the VOD?

Description

Time

  • Played on: May 22, 2021, 8:06 p.m.
  • Length: 23:40
Show
View Real Time Build Order
Export as new Build Order

PzYчьйцЦ Protoss 

Build Orders:  

Get SALT Encoding   

  12  0:00  Probe (Chrono Boost)  
  13  0:15  Pylon  
  13  0:16  Probe  
  14  0:28  Probe  
  15  0:40  Probe  
  16  0:46  Forge  
  16  0:52  Probe  
  17  1:03  Assimilator  
  17  1:04  Probe  
  18  1:16  Probe  
  19  1:29  Probe  
  19  1:30  Pylon  
  20  1:33  Pylon  
  20  1:35  Pylon  
  20  1:57  Photon Cannon  
  19  2:21  Photon Cannon  
  19  2:24  Photon Cannon  
  19  2:26  Photon Cannon  
  19  2:27  Photon Cannon  
  19  2:28  Pylon  
  18  2:42  Pylon  
  18  2:44  Photon Cannon  
  18  2:51  Photon Cannon  
  18  2:54  Photon Cannon  
  18  2:59  Pylon  
  18  3:09  Photon Cannon  
  17  3:30  Photon Cannon  
  14  3:42  Probe (Chrono Boost)  
  15  3:51  Probe (Chrono Boost)  
  16  4:04  Photon Cannon  
  16  4:10  Photon Cannon  
  16  4:21  Photon Cannon  
  16  4:30  Photon Cannon  
  16  5:00  Photon Cannon  
  16  5:12  Photon Cannon  
  16  5:14  Photon Cannon  
  15  5:32  Photon Cannon  
  15  5:33  Photon Cannon  
  15  5:41  Pylon  
  15  5:57  Nexus  
  15  5:58  Pylon  
  15  6:01  Gateway  
  15  6:02  Photon Cannon  
  15  6:22  Pylon  
  15  6:26  Probe (Chrono Boost)  
  16  6:36  Probe (Chrono Boost)  
  17  6:41  Probe (Chrono Boost)  
  17  6:42  Photon Cannon  
  17  6:43  Photon Cannon  
  18  6:47  Pylon  
  18  6:52  Probe  
  19  6:55  Photon Cannon  
  18  7:05  Probe (Chrono Boost)  
  19  7:10  Assimilator  
  20  7:16  Cybernetics Core, Probe (Chrono Boost)  
  20  7:18  Probe (Chrono Boost)  
  22  7:25  Probe (Chrono Boost)  
  22  7:26  Probe (Chrono Boost)  
  23  7:33  Probe (Chrono Boost)  
  23  7:34  Probe (Chrono Boost)  
  25  7:40  Pylon, Probe (Chrono Boost)  
  25  7:42  Probe (Chrono Boost)  
  27  7:45  Probe (Chrono Boost), Assimilator  
  29  7:54  Probe (Chrono Boost)  
  29  7:57  Probe (Chrono Boost)  
  30  8:01  Assimilator  
  30  8:05  Probe x2 (Chrono Boost)  
  32  8:07  Shield Battery  
  33  8:14  Probe (Chrono Boost)  
  33  8:17  Probe (Chrono Boost)  
  34  8:20  Shield Battery  
  34  8:22  Probe (Chrono Boost)  
  34  8:25  Probe (Chrono Boost)  
  36  8:28  Probe  
  36  8:29  Stargate  
  36  8:30  Stargate  
  37  8:36  Adept, Probe  
  40  8:48  Probe  
  41  8:50  Photon Cannon  
  41  8:52  Photon Cannon  
  41  9:00  Probe  
  41  9:16  Stargate  
  38  9:40  Void Ray x2 (Chrono Boost)  
  38  9:43  Probe (Chrono Boost)  
  47  9:52  Shield Battery, Probe (Chrono Boost)  
  47  9:53  Pylon  
  47  9:57  Probe (Chrono Boost)  
  47  9:58  Pylon, Probe  
  49  10:09  Probe  
  49  10:10  Probe  
  49  10:13  Void Ray (Chrono Boost)  
  51  10:18  Nexus  
  51  10:21  Probe  
  51  10:24  Void Ray (Chrono Boost)  
  60  10:33  Probe  
  61  10:37  Void Ray (Chrono Boost)  
  61  10:43  Protoss Air Weapons Level 1  
  61  10:45  Probe  
  66  10:50  Phoenix (Chrono Boost)  
  68  10:58  Probe  
  50  12:01  Probe (Chrono Boost)  
  47  12:02  Void Ray (Chrono Boost)  
  47  12:10  Probe (Chrono Boost)  
  47  12:12  Void Ray x2 (Chrono Boost)  
  60  12:15  Probe (Chrono Boost)  
  60  12:17  Pylon  
  60  12:19  Pylon  
  60  12:21  Pylon  
  61  12:24  Pylon  
  61  12:27  Probe (Chrono Boost)  
  62  12:31  Nexus  
  62  12:32  Void Ray  
  62  12:34  Pylon  
  62  12:39  Probe (Chrono Boost)  
  62  12:41  Probe (Chrono Boost)  
  68  12:44  Shield Battery  
  68  12:48  Probe x2 (Chrono Boost), Photon Cannon  
  70  12:53  Photon Cannon  
  70  12:54  Probe (Chrono Boost)  
  70  12:58  Photon Cannon  
  71  13:02  Shield Battery  
  71  13:05  Photon Cannon  
  71  13:10  Probe  
  72  13:22  Probe  
  67  13:34  Probe  
  57  13:45  Void Ray x3 (Chrono Boost)  
  57  13:46  Probe (Chrono Boost)  
  56  13:49  Assimilator  
  56  13:52  Assimilator  
  69  13:55  Probe (Chrono Boost)  
  69  14:00  Probe (Chrono Boost)  
  70  14:04  Nexus  
  70  14:06  Probe  
  70  14:09  Probe  
  72  14:12  Probe  
  73  14:18  Probe  
  73  14:22  Protoss Air Armor Level 1 (Chrono Boost), Probe  
  73  14:23  Nexus  
  75  14:24  Probe  
  75  14:30  Probe  
  77  14:34  Probe  
  77  14:36  Probe  
  67  14:46  Probe  
  67  14:48  Probe  
  69  14:58  Probe  
  53  15:00  Void Ray (Chrono Boost)  
  53  15:05  Pylon  
  65  15:08  Void Ray x2 (Chrono Boost)  
  65  15:11  Photon Cannon  
  65  15:17  Photon Cannon  
  65  15:29  Photon Cannon  
  65  15:33  Void Ray (Chrono Boost)  
  66  15:38  Probe (Chrono Boost)  
  66  15:39  Probe (Chrono Boost)  
  71  15:45  Void Ray x2 (Chrono Boost)  
  71  15:47  Probe (Chrono Boost)  
  71  15:49  Robotics Facility  
  81  15:50  Probe (Chrono Boost)  
  81  15:52  Probe (Chrono Boost)  
  75  15:59  Void Ray (Chrono Boost)  
  71  16:04  Probe  
  70  16:18  Void Ray (Chrono Boost)  
  70  16:19  Nexus  
  70  16:25  Void Ray (Chrono Boost)  
  78  16:36  Observer  
  78  16:39  Void Ray (Chrono Boost)  
  83  16:43  Probe  
  84  16:49  Pylon  
  84  16:51  Photon Cannon  
  84  16:53  Shield Battery  
  84  16:55  Probe, Void Ray (Chrono Boost)  
  84  16:56  Void Ray (Chrono Boost)  
  89  17:07  Probe  
  94  17:09  Void Ray  
  98  17:43  Observer  
  94  17:48  Probe  
  95  17:53  Pylon  
  95  17:55  Pylon  
  95  17:59  Fleet Beacon  
  95  18:00  Probe  
  95  18:02  Photon Cannon  
  96  18:12  Probe  
  97  18:13  Photon Cannon  
  97  18:14  Photon Cannon  
  96  18:37  Void Ray (Chrono Boost)  
  100  18:42  Pylon  
  100  18:44  Pylon  
  100  18:46  Pylon  
  100  19:02  Void Ray (Chrono Boost)  
  109  19:07  Tempest (Chrono Boost)  
  97  19:10  Carrier (Chrono Boost)  
  102  19:24  Stargate  
  96  19:41  Carrier (Chrono Boost)  
  96  19:43  Tempest  
  101  19:45  Nexus  
  101  19:47  Shield Battery  
  100  20:14  Tempest (Chrono Boost)  
  100  20:27  Void Ray (Chrono Boost)  
  100  20:34  Tempest (Chrono Boost)  
  110  20:45  Tempest (Chrono Boost)  
Show
View Real Time Build Order
Export as new Build Order

YouGoudaLose Terran - Winner!

Build Orders:  

Get SALT Encoding   

  12  0:00  SCV  
  13  0:12  SCV  
  14  0:21  Supply Depot  
  14  0:24  SCV  
  15  0:36  Refinery  
  15  0:44  Barracks  
  15  1:03  Engineering Bay  
  14  1:15  SCV  
  15  1:27  SCV  
  15  1:29  Refinery  
  16  1:33  Reaper  
  17  1:44  SCV  
  18  1:56  SCV  
  19  2:08  SCV  
  20  2:44  Supply Depot, Marine  
  21  2:57  SCV  
  22  3:02  Marine  
  23  3:09  SCV  
  24  3:21  SCV  
  25  3:34  SCV  
  25  3:46  SCV  
  26  3:51  Command Center  
  26  3:58  SCV  
  26  4:05  Marine  
  27  4:13  Bunker  
  27  4:17  Factory  
  27  4:23  Marine  
  28  4:24  Supply Depot  
  28  4:41  Marine  
  28  4:59  Marine  
  28  5:17  Marine  
  28  5:20  SCV x2  
  31  5:22  Factory Tech Lab  
  31  5:32  SCV  
  33  5:44  SCV  
  33  5:52  Siege Tank  
  33  5:56  SCV  
  37  5:57  Supply Depot  
  37  6:08  SCV  
  38  6:16  Engineering Bay  
  38  6:23  Marine  
  38  6:25  Cyclone  
  42  6:33  Supply Depot  
  42  6:37  Engineering Bay  
  42  6:38  SCV  
  43  6:40  Refinery  
  43  6:41  Marine  
  43  6:42  Refinery  
  44  6:50  SCV  
  45  6:58  SCV  
  46  7:02  SCV  
  47  7:10  SCV  
  47  7:14  SCV  
  49  7:22  SCV  
  50  7:25  Command Center  
  50  7:26  SCV  
  51  7:31  Starport  
  51  7:33  Starport  
  51  7:34  SCV  
  53  7:45  Supply Depot, Planetary Fortress  
  53  7:49  Planetary Fortress  
  52  7:56  Supply Depot  
  52  7:59  Supply Depot  
  52  8:02  Missile Turret  
  52  8:04  Missile Turret  
  52  8:25  SCV x2  
  54  8:34  Starport Tech Lab  
  54  8:35  Starport Tech Lab  
  54  8:37  SCV x2  
  54  8:41  Fusion Core  
  56  8:42  Supply Depot  
  56  9:00  SCV x3  
  59  9:12  SCV x3  
  62  9:24  SCV x3  
  65  9:33  Battlecruiser  
  65  9:34  Battlecruiser  
  77  9:41  Armory  
  77  9:43  Factory, Refinery, SCV x2  
  77  9:44  Factory, Refinery, Planetary Fortress  
  76  9:55  SCV x2, Supply Depot  
  76  9:56  Missile Turret  
  76  9:59  Weapon Refit  
  78  10:05  Widow Mine  
  80  10:07  SCV x2  
  82  10:19  SCV x2  
  84  10:26  Widow Mine  
  86  10:29  Widow Mine  
  86  10:30  Widow Mine  
  86  10:31  SCV  
  91  10:38  Battlecruiser  
  96  10:47  Widow Mine, SCV x3  
  101  10:59  SCV  
  101  11:16  Battlecruiser  
  107  11:22  Widow Mine x2  
  107  11:23  Widow Mine  
  112  11:42  Battlecruiser  
  112  11:44  Widow Mine x3  
  121  12:00  Missile Turret  
  121  12:05  Widow Mine  
  123  12:30  Supply Depot  
  123  12:32  Supply Depot  
  123  12:41  Factory Tech Lab x2  
  123  12:51  Battlecruiser  
  123  12:53  SCV x3, Missile Turret  
  123  12:54  Thor  
  138  12:58  Command Center  
  138  12:59  Command Center, Missile Turret  
  138  13:05  SCV x3  
  141  13:23  SCV x2  
  137  13:42  Battlecruiser  
  131  13:56  Battlecruiser  
  137  14:10  Thor  
  143  14:18  Command Center, Thor  
  136  14:46  Battlecruiser  
  139  15:00  Battlecruiser  
  139  15:02  Thor x2  
  157  15:36  Planetary Fortress  
  157  15:50  Battlecruiser  
  160  16:18  Liberator  
  161  16:27  SCV  
  162  16:39  SCV  
  163  16:45  Thor  
  169  16:51  SCV  
  170  16:54  Battlecruiser  
  170  17:00  Command Center  
  182  17:01  Battlecruiser  
  173  18:11  Thor, Battlecruiser  
  183  19:04  Thor  
  183  19:45  Supply Depot  
  183  19:47  Supply Depot  
  183  19:50  Ghost Academy  
  183  19:51  Ghost Academy  
  181  20:07  Thor, Battlecruiser  
  181  20:08  Thor  
  198  20:15  Battlecruiser  
  161  20:47  Thor  
  164  20:51  Thor  
  168  21:11  Battlecruiser  
  162  21:19  Battlecruiser  
  162  21:36  Refinery  
  162  21:53  Refinery  
Tags
 
Add a new tag
Caveats
  • Supply blocks, unpowered buildings, or Contaminate may cause inaccurate times.
  • Supply counts are checked every 10 seconds.